 Dungeon Crawl Stone Soup version 0.27.1-34-g3ba077fa99 (webtiles) character file.

Game seed: 12297318330138369417

82 Descartes the Grasshopper (level 4, -4/33 HPs)
             Began as a Formicid Warper on Jan 25, 2022.
             Slain by an iguana (9 damage)
             ... on level 3 of the Dungeon.
             The game lasted 00:03:18 (2721 turns).

Descartes the Grasshopper (Formicid Warper)         Turns: 2721, Time: 00:03:18

Health: -4/33      AC: 11    Str: 17    XL:     4   Next: 70%
Magic:  7/7        EV:  5    Int: 12    God:
Gold:   89         SH:  0    Dex: 10    Spells: 7/7 levels left

rFire    . . .     SeeInvis +   a - +0 falchion
rCold    . . .     Faith    .   (no shield)
rNeg     . . .     Spirit   .   q - +0 plate armour {rPois}
rPois    +         Reflect  .   (helmet unavailable)
rElec    .         Harm     .   (no cloak)
rCorr    .         Rampage  .   (no gloves)
Will     .....                  (no boots)
Stlth    ..........             (no amulet)
HPRegen  0.11/turn              (no ring)
MPRegen  0.10/turn              (no ring)

@: no status effects
A: permanent stasis, dig shafts and tunnels, antennae 3, four strong arms
a: Dig, Shaft Self


You were on level 3 of the Dungeon.
You visited 1 branch of the dungeon, and saw 3 of its levels.

You collected 89 gold pieces.

Inventory:

Hand Weapons
 a - a +0 falchion (weapon)
Missiles
 c - 5 boomerangs of dispersal (quivered)
 g - 113 stones
 l - 3 boomerangs
Armour
 q - a +0 plate armour of poison resistance (worn)
Scrolls
 d - 3 scrolls of noise {unknown}
 i - a scroll of vulnerability {unknown}
 k - a scroll of amnesia {unknown}
 n - a scroll of magic mapping {unknown}
 p - 3 scrolls of identify {unknown}
Potions
 e - 2 potions of curing {unknown}
 f - a potion of degeneration {unknown}
 j - a potion of heal wounds {unknown}
 m - a potion of cancellation {unknown}
 o - a potion of magic {unknown}


   Skills:
 - Level 2.1 Fighting
 - Level 2.0 Long Blades
 - Level 1.0 Throwing
 + Level 3.2 Armour
 - Level 1.7 Dodging
 - Level 2.1 Spellcasting
 + Level 3.7 Translocations


You had 7 spell levels left.
You didn't know any spells.
Your spell library contained the following spells:

 Spells                   Type           Power      Damage    Failure   Level
 Beastly Appendage        Tmut           2%         N/A       100%        1
 Wereblood                Tmut           1%         N/A       100%        2
 Gell's Gravitas          Tloc           5%         N/A       100%        3
 Lesser Beckoning         Tloc           5%         N/A       100%        3
 Spider Form              Tmut/Pois      0%         N/A       100%        3
 Teleport Other           Tloc           10%        N/A       100%        3
 Manifold Assault         Tloc           10%        N/A       100%        5
 Blink                    Tloc           Unusable   N/A       N/A         2

Dungeon Overview and Level Annotations

Branches:
Dungeon (3/15)

Altars:
Uskayaw
The Shining One


Innate Abilities, Weirdness & Mutations

You cannot be hasted, slowed, berserked, paralysed or teleported.
You can dig through walls and to a lower floor.
You have a pair of large antennae on your head. (SInv)
Your four strong arms can wield two-handed weapons with a shield.


Message History

You are too injured to fight recklessly!
You are too injured to fight recklessly!
You are too injured to fight recklessly!
You are too injured to fight recklessly!
You are too injured to fight recklessly!
You are too injured to fight recklessly!
You are too injured to fight recklessly!
You are too injured to fight recklessly!
You are too injured to fight recklessly!
You are too injured to fight recklessly!
You are too injured to fight recklessly!
You are too injured to fight recklessly!
You are too injured to fight recklessly!
You are too injured to fight recklessly!
There is an open door here.
You hit the orc but do no damage.
The orc is moderately wounded.
The orc hits you but does no damage.
You hit the orc but do no damage.
The orc is moderately wounded.
The orc barely misses you.
You hit the orc.
You kill the orc!
The iguana bites you.
You closely miss the iguana.
The iguana bites you but does no damage.
You barely miss the iguana. The iguana closely misses you.
You riposte.
You barely miss the iguana. You hit the iguana.
The iguana is lightly wounded.
The iguana bites you.
You hit the iguana but do no damage.
The iguana is lightly wounded.
The iguana bites you.
You barely miss the iguana.
The iguana is lightly wounded.
The iguana bites you.
* * * LOW HITPOINT WARNING * * *
The iguana bites you!
You die...

###### #....# #....# {
{ #....#
#....##########
###...........# ##
#...##......# ..#
###..#@########8..#
##.#l###....!..#
#...#.'l......#
##..#.######8..#
#.[..## .. #..#
#########....#.# +##
#.....#####....#
#.........)...##
####.....#######.######


You could see an iguana.

Vanquished Creatures
  2 adders (D:2)
  A worm (D:2)
  2 dart slugs (D:3)
  An orc (D:3)
  6 endoplasms
  4 giant cockroaches
  4 goblins
  4 hobgoblins
  3 jackals (D:2)
  2 quokkas
  5 ball pythons
  5 bats
  5 frilled lizards
  3 kobolds
  8 rats
55 creatures vanquished.

Notes
Turn   | Place    | Note
-------+----------+-------------------------------------------
     0 | D:1      | Descartes the Formicid Warper began the quest for the Orb.
     0 | D:1      | Reached XP level 1. HP: 16/16 MP: 3/3
   100 | D:1      | Reached XP level 2. HP: 22/22 MP: 5/5
   332 | D:1      | Found a faded altar of an unknown god.
   343 | D:1      | Became a worshipper of Uskayaw the Reveller
   343 | D:1      | Reached * piety under Uskayaw
   726 | D:1      | Fell from the grace of Uskayaw
   935 | D:1      | Reached XP level 3. HP: 27/27 MP: 6/6
  1850 | D:2      | Reached XP level 4. HP: 27/33 MP: 7/7
  2605 | D:3      | Found a glowing golden altar of the Shining One.
  2721 | D:3      | Slain by an iguana

Illustrated notes

Levels and vault maps discovered:
D:1:      wander_arrival_desolate, layout_loops_ring, basic_ecumenical_altar
D:2:      layout_basic, chequers_serial_rivers_micro_a
D:3:      minmay_chambers_of_twos, layout_rooms, mainiacjoe_overflow_paths,
          mainiacjoe_overflow_divided_tiny, uniq_grinder

Skill      XL: |  1  2  3  4 |
---------------+-------------+-----
Translocations | 3 |  3.7
Armour         | 2 3 |  3.2
Fighting       | |  2.1
Long Blades    | |  2.0
Throwing       | |  1.0
Dodging        | |  1.7
Spellcasting   | |  2.1

Action                   |  1- 3 |  4- 6 || total
-------------------------+-------+-------++-------
Melee: Falchion          |   114 |    81 ||   195
Invok: Renounce Religion |     1 |       ||     1
Armor: Leather armour    |    15 |       ||    15
       Chain mail        |    41 |    50 ||    91
       Plate armour      |       |     2 ||     2
Dodge: Dodged            |    60 |    24 ||    84
       Rpst.: Falchion   |    18 |    10 ||    28
